 Dungeon Sprint DCSS version 0.27-a0-1144-g0b7d3b79db (webtiles) character file.

Game seed: 6329607324242507759

29 Zeld the Gusty (level 3, -4/36 HPs)
             Began as an Octopode Air Elementalist on May 10, 2021.
             Was a Believer of Sif Muna.
             Slain by Blork the orc
             ... wielding a +0 flail
              (12 damage)
             ... in the Dungeon (Sprint VII: "The Pits").
             The game lasted 00:01:07 (1117 turns).

Zeld the Gusty (Octopode Air Elementalist)          Turns: 1117, Time: 00:01:08

Health: -4/36      AC:  1    Str:  7    XL:     3   Next: 16%
Magic:  0/7        EV: 13    Int: 18    God:    Sif Muna [**....]
Gold:   0          SH:  0    Dex: 12    Spells: 4/7 levels left

rFire    . . .     SeeInvis .   (no weapon)
rCold    . . .     Faith    .   (no shield)
rNeg     . . .     Spirit   .   (helmet restricted)
rPois    .         Reflect  .   (no amulet)
rElec    .         Harm     .   (no ring)
rCorr    .         Rampage  .   (no ring)
Will     .....     NoTele   +   (no ring)
Stlth    ..........             (no ring)
HPRegen  0.12/turn              (no ring)
MPRegen  0.10/turn              (no ring)
                                (no ring)
                                (no ring)

@: berserking, very slightly contaminated, very quick
A: almost no armour, amphibious, 8 rings, camouflage 1, gelatinous body 1,
(nimble swimmer 1), tentacles
a: Renounce Religion, Channel Magic


You were in the Dungeon.
You worshipped Sif Muna.
Sif Muna was pleased with you.
You visited 1 branch

Inventory:

Scrolls
 g - a scroll of blinking
 h - 5 scrolls of amnesia
 i - a scroll of summoning
Potions
 a - 2 potions of invisibility
 b - a potion of curing
 c - a potion of heal wounds
 d - a potion of haste
 e - 4 potions of magic
 f - 2 potions of berserk rage


   Skills:
 + Level 1.8 Fighting
 + Level 3.0 Dodging
 - Level 2.6 Stealth
 + Level 2.9 Spellcasting
 - Level 1.0 Conjurations
 * Level 4.3 Air Magic
 * Level 3.2 Invocations


You had 4 spell levels left.
You knew the following spells:

 Your Spells              Type           Power      Damage    Failure   Level
a - Shock                 Conj/Air       48%        1d6       5%          1
b - Static Discharge      Conj/Air       12%        N/A       9%          2

Your spell library contained the following spells:

 Spells                   Type           Power      Damage    Failure   Level
 Swiftness                Air            18%        N/A       9%          3
 Airstrike                Air            9%         N/A       28%         4
 Lightning Bolt           Conj/Air       6%         1d18      83%         5


Dungeon Overview and Level Annotations

Branches:
Dungeon (1/1)

Altars:
Ashenzari
Cheibriados
Dithmenos
Elyvilon
Fedhas
Gozag
Hepliaklqana
Kikubaaqudgha
Makhleb
Nemelex Xobeh
Okawaru
Qazlal
Ru
Sif Muna
Trog
Uskayaw
Vehumet
Wu Jian
Xom
Yredelemnul
Zin
The Shining One
Beogh
Jiyva
Lugonu

Annotations:
D Blork the orc


Innate Abilities, Weirdness & Mutations

You cannot wear most types of armour.
You are amphibious.
You can wear up to eight rings at the same time.
Your skin changes colour to match your surroundings (Stealth+).
Your rubbery body absorbs attacks. (AC +1, EV +1)
((You are camouflaged near water. (Stealth+)))
You have tentacles for arms and can constrict up to eight enemies at once.


Message History

Sif Muna accepts your kill.
Your Dodging skill increases to level 3!
No target in view!
There is an open door here.
You see here a giant cockroach corpse.
No target in view!
You start resting.
Magic restored.
You start waiting.
You start waiting.
Done waiting.
There is an open door here.
Okay, then.
The zap hits Blork the orc.
Blork the orc is lightly wounded.
Blork the orc shouts!
Blork the orc casts a spell at you. The puff of frost hits you!
The zap hits Blork the orc.
Blork the orc is moderately wounded.
The zap misses Blork the orc.
You miscast Shock.
You are very lightly contaminated with residual magic.
Nothing appears to happen.
The zap hits Blork the orc.
Blork the orc is moderately wounded.
Blork the orc screams, "I'll crush all your ribs!
One by one!"
Blork the orc gestures wildly while chanting.
Blork the orc seems to speed up.
The zap misses Blork the orc.
The zap hits Blork the orc.
Blork the orc is heavily wounded.
Blork the orc hits you with a +0 flail!
* * * LOW HITPOINT WARNING * * *
Blork the orc misses you.
A red film seems to cover your vision as you go berserk!
You feel yourself moving faster!
You feel mighty!
Blork the orc screams, "I'll make a cloak from your skin!"
Blork the orc hits you with a +0 flail!
You die...

#_______...###########
##########'##.........
#.?(.')))'.##......#..
##########)##.........
#...........'.........
#+#####'#####......#..
#...#)# #.........
#...#.# ####'#####
#..@†.# #.......#
##o#### #.......#
#.....# #.......#
#.....# #...<...#
#....... #.......#
#........##.......#
###########.......#
#########


You could see Blork the orc (fast).

Vanquished Creatures
  A gnoll (D)
  An adder (D)
  An orc (D)
  A giant cockroach (D)
  3 jackals (D)
  A ball python (D)
  A frilled lizard (D)
9 creatures vanquished.

Notes
Turn   | Place    | Note
-------+----------+-------------------------------------------
     0 | D        | Zeld the Octopode Air Elementalist began the quest for the
                  | Orb.
     0 | D        | Reached XP level 1. HP: 11/11 MP: 3/3
    14 | D        | Found a bloodstained altar of Trog.
    14 | D        | Found a shimmering blue altar of Sif Muna.
    14 | D        | Found a viscous altar of Jiyva.
    14 | D        | Found a hazy altar of Hepliaklqana.
    14 | D        | Found an opulent altar of Gozag.
    15 | D        | Found a glowing golden altar of the Shining One.
    15 | D        | Found a glowing silver altar of Zin.
    15 | D        | Found a basalt altar of Yredelemnul.
    15 | D        | Found a shimmering altar of Xom.
    15 | D        | Found an ornate altar of the Wu Jian Council.
    15 | D        | Found a sacrificial altar of Ru.
    15 | D        | Found a stormy altar of Qazlal.
    15 | D        | Found an iron altar of Okawaru.
    15 | D        | Found a sparkling altar of Nemelex Xobeh.
    15 | D        | Found a burning altar of Makhleb.
    15 | D        | Found a blossoming altar of Fedhas.
    15 | D        | Found a white marble altar of Elyvilon.
    15 | D        | Found a shadowy altar of Dithmenos.
    15 | D        | Found a snail-covered altar of Cheibriados.
    16 | D        | Found a radiant altar of Vehumet.
    16 | D        | Found a corrupted altar of Lugonu.
    17 | D        | Found an ancient bone altar of Kikubaaqudgha.
    17 | D        | Found a hide-covered altar of Uskayaw.
    17 | D        | Found a broken altar of Ashenzari.
    18 | D        | Became a worshipper of Sif Muna the Loreminder
    27 | D        | Reached skill level 1 in Invocations
   159 | D        | Reached * piety under Sif Muna
   165 | D        | Reached skill level 1 in Fighting
   332 | D        | Reached XP level 2. HP: 15/18 MP: 1/5
   339 | D        | Reached ** piety under Sif Muna
   340 | D        | Reached skill level 4 in Air Magic
   343 | D        | Learned a level 2 spell: Static Discharge
   428 | D        | Reached XP level 3. HP: 5/24 MP: 7/7
   728 | D        | Noticed Blork the orc
  1117 | D        | Slain by Blork the orc

Illustrated notes

Levels and vault maps discovered:
D:        pitsprint [storerooms_1, entrance_room_1, metal_vault_8, armoury_3,
          mini_pit_1, grid_room_1, main_hall_1, silver_pit, the_coven_3,
          the_vestibule_1, steel_vault_4, golden_pit, hallway_of_sentries,
          crystal_vault_6, iron_vault_1, final_vault]

Skill      XL: |  1  2  3 |
---------------+----------+-----
Invocations    | 1 3 |  3.2
Fighting       | 1 |  1.8
Air Magic      | 4 |  4.3
Dodging        | 3 |  3.0
Stealth        | |  2.6
Spellcasting   | |  2.9
Conjurations   | |  1.0

Action                   || total
-------------------------++-------
Melee: Unarmed           ||     8
       Constrict         ||     3
       Tentacles         ||     3
 Cast: Shock             ||    30
Invok: Channel Magic     ||     1
  Use: Potion            ||     1
Armor: Skin              ||     2
Dodge: Dodged            ||    20

Table legend: (Time is in decaauts)
 A = Elapsed time spent in this place.
 B = Non-inter-level travel time spent in this place.
 C = Inter-level travel time spent in this place.
 D = Time resting spent in this place.
 E = Time spent auto-exploring this place.
 F = Levels seen in this place.
 G = Mean time per level.
                   A        B        C        D        E       F      G
               +--------+--------+--------+--------+--------+-----+--------+
         Total |   1117 |   1117 |      0 |   1003 |      0 |   1 | 1117.0 |
       Dungeon |   1117 |   1117 |      0 |   1003 |      0 |   1 | 1117.0 |
               +--------+--------+--------+--------+--------+-----+--------+

Top non-repeatable levels by time:
       D: 1117 daAuts
